 Dungeon Crawl Stone Soup version 0.29.1-15-g9cfb28693d (webtiles) character file.

Game seed: 4224889824925201755

560 hawla the Firebug (level 7, -6/50 HPs)
             Began as a Meteoran Fire Elementalist on Mar 16, 2023.
             Killed from afar by an electric eel (7 damage)
             ... with a bolt of electricity
             ... on level 4 of the Dungeon.
             The game lasted 00:07:40 (1572 turns).

hawla the Firebug (Meteoran Fire Elementalist)      Turns: 1572, Time: 00:07:41

Health: -6/50      AC:  5    Str: 10    XL:     7   Next: 88%
Magic:  5/16       EV: 13    Int: 19    God:
Gold:   70         SH:  0    Dex: 14    Spells: 9/16 levels left

rFire   . . .      SeeInvis .   (no weapon)
rCold   . . .      Faith    .   (no shield)
rNeg    . . .      Spirit   .   m - +0 steam dragon scales
rPois   .          Reflect  .   (no helmet)
rElec   .          Harm     .   (no cloak)
rCorr   .          Rampage  .   (no gloves)
Will    .....                   (no boots)
Stlth   +.........              (no amulet)
HPRegen 0.16/turn               (no ring)
MPRegen 0.15/turn               (no ring)

@: glowing
A: sense surroundings 1, otherworldly, glowing, explore regen
a: no special abilities


You were on level 4 of the Dungeon.
You visited 1 branch of the dungeon, and saw 4 of its levels.
You also visited: Sewer.

You collected 70 gold pieces.

Inventory:

Armour
 m - +0 steam dragon scales (worn)
Wands
 n - a wand of flame (9) (quivered)
Scrolls
 a - a scroll of poison {unknown}
 d - a scroll of enchant armour {unknown}
 e - a scroll of enchant weapon {unknown}
 f - a scroll of fog {unknown}
 g - a scroll of magic mapping {unknown}
 h - a scroll of teleportation
 j - a scroll of summoning
 k - a scroll of vulnerability {unknown}
 l - a scroll of amnesia {unknown}
Potions
 b - 2 potions of magic
 c - 3 potions of might
 i - a potion of heal wounds


   Skills:
 - Level 0.1 Fighting
 - Level 3.1 Dodging
 - Level 1.4 Stealth
 - Level 5.3 Spellcasting
 - Level 5.7 Conjurations
 - Level 6.0 Fire Magic


You had 9 spell levels left.
You knew the following spells:

 Your Spells              Type           Power      Damage    Failure   Level
a - Foxfire               Conj/Fire      100%       2x1d9     1%          1
b - Scorch                Fire           56%        2d8       1%          2
c - Flame Wave            Conj/Fire      27%        2d9       11%         4

Your spell library contained the following spells:

 Spells                   Type           Power      Damage    Failure   Level
 Conjure Flame            Conj/Fire      27%        6-21      3%          3
 Inner Flame              Hex/Fire       16%        N/A       11%         3


Dungeon Overview and Level Annotations

Branches:
Dungeon (4/15) Zot: 1248    Sewer (visited)
 Temple: D:4-7

Altars:
Sif Muna

Annotations:
D:4 1 transporter


Innate Abilities, Weirdness & Mutations

You passively map a small area around you.
You are easily found by Zot.
You glow in the dark.
You regain HP and MP as you explore.


Message History

Confirm with . or Enter, or press ? or * to list all spells.
You conjure some foxfire!
Casting: Foxfire (safe; 1% risk of failure)
Confirm with . or Enter, or press ? or * to list all spells.
You conjure some foxfire!
Your foxfire dissipates! x2
Casting: Foxfire (safe; 1% risk of failure)
Confirm with . or Enter, or press ? or * to list all spells.
You conjure some foxfire!
Casting: Foxfire (safe; 1% risk of failure)
Confirm with . or Enter, or press ? or * to list all spells.
You conjure some foxfire!
Casting: Foxfire (safe; 1% risk of failure)
Confirm with . or Enter, or press ? or * to list all spells.
You conjure some foxfire!
Casting: Foxfire (safe; 1% risk of failure)
Confirm with . or Enter, or press ? or * to list all spells.
You conjure some foxfire!
Casting: Foxfire (safe; 1% risk of failure)
Confirm with . or Enter, or press ? or * to list all spells.
You conjure some foxfire!
The electric eel shoots out a bolt of lightning at you!
The bolt of electricity hits you! x2; The bolt of electricity hits the plant!
The plant begins to die.
There is an open door here.
Casting: Foxfire (safe; 1% risk of failure)
Confirm with . or Enter, or press ? or * to list all spells.
You conjure some foxfire!
The electric eel shoots out a bolt of lightning at you!
The bolt of electricity hits your foxfire!
The bolt of electricity misses you. The bolt of electricity hits you!
* * * LOW HITPOINT WARNING * * *
The bolt of electricity hits the plant!
The electric eel shoots out a bolt of lightning at you!
The bolt of electricity hits your foxfire!
The bolt of electricity hits you!
* * * LOW HITPOINT WARNING * * *
The bolt of electricity hits your foxfire! x2
The bolt of electricity hits you!
You die...

#.#.######)#####....#......
#.#.# #.....#...<#.#.... #.#.#
##.###.#...##.#....
####.#.#####...##........#†...
#....#.##....©........####....
#....#.##.#######.....# #....
#....#.##.#8.§.8#..#### #....
#....#.##.#Pv§.P#..#######....
#...)#.##.###@###........#....
###....#.##.#~..vS#...####.#....
#......#.##.#~.?.S#...# #.#.##'
#.#...##.##.#~~S~~#...# #.#.##.
#.#...##.##.#~P⌠~~#...## #.#.##.
#.######.##.#~P~~~#.#..###.#....
#.# #.##.#~~PP~#.#...##.#####
#.# #.##.#~~~P~#.#.#.........
#.# #.##.###+###.#.####.####.


You could see 3 electric eels.

Vanquished Creatures
  A steam dragon (D:4)
  3 kobold brigands (Sewer)
  A necrophage (D:4)
  An orc wizard (D:4)
  6 adders
  3 gnolls (D:4)
  2 river rats (Sewer)
  5 orcs
  4 ball pythons
  4 bats
  2 endoplasms (D:4)
  A giant cockroach (D:4)
  2 goblins (D:4)
  2 hobgoblins
  5 jackals (Sewer)
  2 quokkas
  2 frilled lizards
  10 kobolds
  4 rats
60 creatures vanquished.

Vanquished Creatures (collateral kills)
  A worm (D:4)
  27 foxfires
28 creatures vanquished.

Vanquished Creatures (others)
  98 foxfires
  23 plants (Sewer)
121 creatures vanquished.

Grand Total: 209 creatures vanquished

Notes
Turn   | Place    | Note
-------+----------+-------------------------------------------
     0 | D:1      | hawla the Meteoran Fire Elementalist began the quest for
                  | the Orb.
     0 | D:1      | Reached XP level 1. HP: 14/14 MP: 5/5
   134 | D:2      | Reached XP level 2. HP: 20/20 MP: 4/6
   137 | D:2      | Learned a level 2 spell: Scorch
   173 | D:3      | Reached skill level 4 in Fire Magic
   330 | D:4      | Found a shimmering blue altar of Sif Muna.
   353 | D:4      | Found a glowing drain.
   366 | D:4      | Reached XP level 3. HP: 26/26 MP: 6/8
   374 | D:4      | Noticed a necrophage
   380 | Sewer    | Entered a sewer
   387 | Sewer    | Noticed a kobold brigand
   399 | Sewer    | Killed a kobold brigand
   400 | Sewer    | Reached skill level 5 in Fire Magic
   400 | Sewer    | Reached XP level 4. HP: 33/33 MP: 0/10
   400 | Sewer    | Reached XP level 5. HP: 38/38 MP: 0/11
   405 | Sewer    | Learned a level 4 spell: Flame Wave
   447 | Sewer    | Noticed a kobold brigand
   452 | Sewer    | Killed a kobold brigand
   453 | Sewer    | Reached XP level 6. HP: 45/45 MP: 0/12
   462 | Sewer    | Reached skill level 5 in Conjurations
   791 | Sewer    | Glimpsed the power of Zot.
   807 | D:4      | Reached XP level 7. HP: 43/50 MP: 7/14
   878 | D:4      | Found a transporter.
   941 | D:4      | Found a transporter.
  1072 | D:4      | Noticed a steam dragon
  1078 | D:4      | Killed a steam dragon
  1079 | D:4      | Reached skill level 5 in Spellcasting
  1079 | D:4      | Reached skill level 6 in Fire Magic
  1572 | D:4      | HP: 1/50 [electric eel/bolt of electricity (10)]
  1572 | D:4      | Killed from afar by an electric eel

Illustrated notes

Levels and vault maps discovered:
D:1:      elethiomel_arrival_maze, layout_basic, serial_shops,
          nicolae_shop_trees
D:2:      layout_loops_corners
D:3:      layout_loops_corners, mainiacjoe_overflow_cross_hatched,
          ebering_ecumenical_altar_webs, grunt_ministairs_4
D:4:      gammafunk_steamed_eel, layout_basic, nicolae_sif_muna_condensation,
          cheibrodos_sewer_entry_sluice

Skill      XL: |  1  2  3  4  5  6  7 |
---------------+----------------------+-----
Fire Magic     | 4 5 6 |  6.0
Spellcasting   | 3 4 5 |  5.3
Dodging        | 3 |  3.1
Conjurations   | 3 5 |  5.7
Fighting       | |  0.1
Stealth        | |  1.4

Action                   |  1- 3 |  4- 6 |  7- 9 || total
-------------------------+-------+-------+-------++-------
Melee: Unarmed           |     1 |     4 |     2 ||     7
 Cast: Foxfire           |    32 |    15 |    29 ||    76
       Scorch            |     1 |     3 |     9 ||    13
       Flame Wave        |       |     3 |       ||     3
  Use: Scroll            |     3 |       |       ||     3
       Potion            |       |       |     1 ||     1
Armor: Robe              |     5 |     1 |     2 ||     8
Dodge: Dodged            |     8 |     9 |     8 ||    25
